EL
SAN JOSE GIANTS @ MISSISSIPPI BRAVES
04/18/2044
 
TOP OF THE 1ST
San Jose Giants batting - Pitching for Mississippi Braves : RHP Jeff Olech
Pitching: RHP Jeff Olech
Batting: RHB Tyler Mapes 0-0: Called Strike
0-1: Swinging Strike
0-2: Ball
1-2: Fly out, F4 (Flyball, 34D, EV 83.8 MPH)
Batting: RHB Jonathan Reece 0-0: Called Strike
0-1: Ball
1-1: Foul Ball, location: 2F
1-2: Fly out, F9 (Flyball, 89S, EV 86.9 MPH)
Batting: LHB Nate Conley 0-0: Ball
1-0: Foul Ball, location: 2F
1-1: Foul Ball, location: 2F
1-2: Ball
2-2: Ground out 6-3 (Groundball, 4S, EV 88.1 MPH)
Top of the 1st over - 0 runs, 0 hits, 0 errors, 0 left on base; San Jose 0 - Mississippi 0
BOTTOM OF THE 1ST
Mississippi Braves batting - Pitching for San Jose Giants : RHP Yugo Kobayashi
Pitching: RHP Yugo Kobayashi
Batting: LHB Rodolfo Cano 0-0: Swinging Strike
0-1: Foul Ball, location: 2F
0-2: Strikes out swinging, 2-3 out at first.
Batting: LHB Raul Guarjardo 0-0: SINGLE (Groundball, 56D, EV 95.0 MPH)
Batting: RHB Tim Nettles 0-0: Ball
1-0: Swinging Strike
1-1: Ball
2-1: Ball
3-1: Called Strike
3-2: Foul Ball, location: 2F
3-2: Foul Ball, location: 2F
3-2: Strikes out swinging
Batting: SHB Brian Bagley 0-0: Foul Ball, location: 2F
0-1: Ball
1-1: Ball
2-1: Foul Ball, location: 2F
2-2: 2-RUN HOME RUN (Flyball, 7D, EV 98.8 MPH), Distance : 390 ft
Batting: RHB Jack Power 0-0: Called Strike
0-1: Ball
1-1: Called Strike
1-2: Fly out, F7 (Flyball, 78XD, EV 96.9 MPH)
Bottom of the 1st over - 2 runs, 2 hits, 0 errors, 0 left on base; San Jose 0 - Mississippi 2
TOP OF THE 2ND
San Jose Giants batting - Pitching for Mississippi Braves : RHP Jeff Olech
Batting: RHB Tade Post 0-0: Ball
1-0: Ground out 6-3 (Groundball, 6S, EV 68.8 MPH)
Batting: RHB Ian Richardson 0-0: Called Strike
0-1: SINGLE (Groundball, 56D, EV 95.0 MPH)
Batting: LHB James Wheaton 0-0: Called Strike
0-1: Called Strike
0-2: Ball
1-2: 2-RUN HOME RUN (Flyball, 9D, EV 95.6 MPH), Distance : 378 ft
Batting: LHB Tony Galvan 0-0: Ball
1-0: Swinging Strike
1-1: Foul Ball, location: 2F
1-2: Ball
2-2: Strikes out swinging
Batting: RHB Josh Lippens 0-0: Ball
1-0: Called Strike
1-1: SINGLE (Flyball, 34D, EV 95.0 MPH)
Batting: RHB Jack Toole 0-0: Called Strike
0-1: Foul Ball, location: 2F
0-2: Foul Ball, location: 2F
0-2: Foul Ball, location: 2F
0-2: Fielders Choice at 2nd, 4-6 (Groundball, 4MD, EV 96.2 MPH)
Top of the 2nd over - 2 runs, 3 hits, 0 errors, 1 left on base; San Jose 2 - Mississippi 2
BOTTOM OF THE 2ND
Mississippi Braves batting - Pitching for San Jose Giants : RHP Yugo Kobayashi
Batting: LHB Jon Burgos 0-0: Hit by Pitch
Batting: RHB Zachary Sidney 0-0: Foul Ball, location: 2F
0-1: Ball
1-1: Grounds into double play, 5-4-3 (Groundball, 56S, EV 82.5 MPH)
Batting: LHB Pablo Ordonez 0-0: Ball
1-0: Called Strike
1-1: Ball
2-1: Ground out 4-3 (Groundball, 4, EV 86.2 MPH)
Bottom of the 2nd over - 0 runs, 0 hits, 0 errors, 0 left on base; San Jose 2 - Mississippi 2
TOP OF THE 3RD
San Jose Giants batting - Pitching for Mississippi Braves : RHP Jeff Olech
Batting: RHB Tyler Mapes 0-0: Ball
1-0: Called Strike
1-1: Foul Ball, location: 2F
1-2: Foul Ball, location: 2F
1-2: Foul Ball, location: 2F
1-2: Ball
2-2: Foul Ball, location: 2F
2-2: SINGLE (Flyball, 89S, EV 97.5 MPH)
Batting: RHB Jonathan Reece 0-0: Ball
1-0: Ball
2-0: Called Strike
2-1: Ball
3-1: Foul Ball, location: 2F
3-2: Strikes out swinging
Batting: LHB Nate Conley 0-0: Ball
Tyler Mapes is caught stealing 2nd base 2-6
1-0: Called Strike
1-1: Foul Ball, location: 2F
1-2: Ball
2-2: Ball
3-2: SINGLE (Groundball, 5, EV 84.4 MPH) (infield hit)
Batting: RHB Tade Post 0-0: Foul Ball, location: 2F
0-1: Ball
1-1: Ball
2-1: Fielders Choice at 2nd, 5-4 (Groundball, 56, EV 83.8 MPH)
Top of the 3rd over - 0 runs, 2 hits, 0 errors, 1 left on base; San Jose 2 - Mississippi 2
BOTTOM OF THE 3RD
Mississippi Braves batting - Pitching for San Jose Giants : RHP Yugo Kobayashi
Batting: RHB Edwin Cota 0-0: Swinging Strike
0-1: Ball
1-1: Ball
2-1: Foul Ball, location: 2F
2-2: Ball
3-2: Foul Ball, location: 2F
3-2: Fly out, F7 (Flyball, 7D, EV 99.4 MPH)
Batting: LHB Rodolfo Cano 0-0: Ball
1-0: Swinging Strike
1-1: Foul Ball, location: 2F
1-2: Foul Ball, location: 2F
1-2: Ball
2-2: Strikes out swinging
Batting: LHB Raul Guarjardo 0-0: Ball
1-0: Called Strike
1-1: Ground out 4-3 (Groundball, 4S, EV 73.8 MPH)
Bottom of the 3rd over - 0 runs, 0 hits, 0 errors, 0 left on base; San Jose 2 - Mississippi 2
TOP OF THE 4TH
San Jose Giants batting - Pitching for Mississippi Braves : RHP Jeff Olech
Batting: RHB Ian Richardson 0-0: Ball
1-0: Ball
2-0: Ball
3-0: Called Strike
3-1: Called Strike
3-2: Foul Ball, location: 2F
3-2: Foul Ball, location: 2F
3-2: Strikes out swinging
Batting: LHB James Wheaton 0-0: Ball
1-0: Ball
2-0: Fly out, F8 (Line Drive, 8LD, EV 106.9 MPH)
Batting: LHB Tony Galvan 0-0: Ball
1-0: Foul Ball, location: 2F
1-1: Ground out 4-3 (Groundball, 4MD, EV 84.4 MPH)
Top of the 4th over - 0 runs, 0 hits, 0 errors, 0 left on base; San Jose 2 - Mississippi 2
BOTTOM OF THE 4TH
Mississippi Braves batting - Pitching for San Jose Giants : RHP Yugo Kobayashi
Batting: RHB Tim Nettles 0-0: Ball
1-0: Ball
2-0: Ground out U3 (Groundball, 34, EV 88.8 MPH)
Batting: SHB Brian Bagley 0-0: Swinging Strike
0-1: Foul Ball, location: 2F
0-2: Foul Ball, location: 2F
0-2: Ball
1-2: Ball
2-2: Ball
3-2: Reached via error on a dropped throw from 2B, E3 (Groundball, 4, EV 91.2 MPH)
Batting: RHB Jack Power 0-0: Ball
1-0: Foul Ball, location: 2F
1-1: Ball
2-1: Foul Ball, location: 2F
2-2: Ball
3-2: Base on Balls
Brian Bagley to second
Batting: LHB Jon Burgos 0-0: Ball
1-0: Swinging Strike
1-1: Swinging Strike
1-2: Strikes out swinging
Batting: RHB Zachary Sidney 0-0: Called Strike
0-1: Ball
1-1: SINGLE (Line Drive, 8RM, EV 89.4 MPH)
Brian Bagley to third
Jack Power to second
Batting: LHB Pablo Ordonez 0-0: Swinging Strike
0-1: Ball
1-1: Ground out 3-1 (Groundball, 34, EV 106.2 MPH)
Bottom of the 4th over - 0 runs, 1 hit, 1 error, 3 left on base; San Jose 2 - Mississippi 2
TOP OF THE 5TH
San Jose Giants batting - Pitching for Mississippi Braves : RHP Jeff Olech
Batting: RHB Josh Lippens 0-0: Called Strike
0-1: Swinging Strike
0-2: Foul Ball, location: 2F
0-2: Ball
1-2: Ball
2-2: Ball
3-2: Foul Ball, location: 2F
3-2: Fly out, F9 (Flyball, 89D, EV 104.4 MPH)
Batting: RHB Jack Toole 0-0: Ball
1-0: Ball
2-0: Ball
3-0: Called Strike
3-1: Base on Balls
Batting: RHB Tyler Mapes 0-0: Ball
1-0: Called Strike
Balk!
Jack Toole to second
1-1: Ball
2-1: Ball
Wild Pitch!
Jack Toole to third
3-1: Foul Ball, location: 2F
3-2: SINGLE (Groundball, 56, EV 97.5 MPH)
Jack Toole scores
Batting: RHB Jonathan Reece 0-0: Called Strike
0-1: Called Strike
0-2: Ball
1-2: Strikes out looking
Batting: LHB Nate Conley 0-0: Ball
Tyler Mapes steals 2nd base
1-0: Foul Ball, location: 2F
1-1: Fly out, F6 (Line Drive, 6, EV 70.0 MPH)
Top of the 5th over - 1 run, 1 hit, 0 errors, 1 left on base; San Jose 3 - Mississippi 2
BOTTOM OF THE 5TH
Mississippi Braves batting - Pitching for San Jose Giants : RHP Yugo Kobayashi
Batting: RHB Edwin Cota 0-0: Ball
1-0: Ground out 4-3 (Groundball, 4, EV 88.1 MPH)
Batting: LHB Rodolfo Cano 0-0: Ball
1-0: Called Strike
1-1: Foul Ball, location: 2F
1-2: Ball
2-2: Ball
3-2: Foul Ball, location: 2F
3-2: SINGLE (Line Drive, 6M, EV 95.0 MPH)
Batting: LHB Raul Guarjardo 0-0: Ground out U3 (Groundball, 3, EV 87.5 MPH)
Rodolfo Cano to second
Batting: RHB Tim Nettles 0-0: Ground out 4-3 (Groundball, 4, EV 106.9 MPH)
Bottom of the 5th over - 0 runs, 1 hit, 0 errors, 1 left on base; San Jose 3 - Mississippi 2
TOP OF THE 6TH
San Jose Giants batting - Pitching for Mississippi Braves : RHP Jeff Olech
Pitching: LHP Benjamin Pater
Batting: RHB Tade Post 0-0: Ball
1-0: Ball
2-0: Ball
3-0: Called Strike
3-1: Base on Balls
Batting: RHB Ian Richardson 0-0: Called Strike
0-1: Ball
1-1: Ball
2-1: Foul Ball, location: 2F
2-2: Ball
3-2: Base on Balls
Tade Post to second
Batting: LHB James Wheaton 0-0: Foul Ball, location: 2F
0-1: Foul Ball, location: 2F
0-2: Foul Ball, location: 2F
0-2: SINGLE (Line Drive, 8RS, EV 90.0 MPH)
Tade Post to third
Ian Richardson to second
Runner from 3rd tries for Home, throw by CF and OUT! 8-2
Batting: LHB Tony Galvan 0-0: Ball
1-0: Foul Ball, location: 2F
1-1: Called Strike
1-2: Foul Ball, location: 2F
1-2: Foul Ball, location: 2F
1-2: Ball
2-2: Ball
3-2: Base on Balls
Ian Richardson to third
James Wheaton to second
Pitching: RHP Marko Martin
Batting: RHB Josh Lippens 0-0: Ball
1-0: Ball
2-0: Ball
Wild Pitch!
Ian Richardson scores
James Wheaton to third
Tony Galvan to second
3-0: Base on Balls
Batting: RHB Jack Toole 0-0: Ball
1-0: Ball
2-0: Foul Ball, location: 2F
2-1: Foul Ball, location: 2F
2-2: Strikes out swinging
Batting: RHB Tyler Mapes 0-0: Ball
1-0: Ground out 5-3 (Groundball, 5S, EV 88.8 MPH)
Top of the 6th over - 1 run, 1 hit, 0 errors, 3 left on base; San Jose 4 - Mississippi 2
BOTTOM OF THE 6TH
Mississippi Braves batting - Pitching for San Jose Giants : RHP Yugo Kobayashi
Batting: SHB Brian Bagley 0-0: Ball
1-0: Called Strike
1-1: Called Strike
1-2: Ball
2-2: Strikes out swinging
Batting: RHB Jack Power 0-0: Called Strike
0-1: Ball
1-1: Called Strike
1-2: Foul Ball, location: 2F
1-2: Ball
2-2: Ground out 6-3 (Groundball, 6D, EV 104.4 MPH)
Pitching: RHP Taiji Morita
Batting: LHB Jon Burgos 0-0: Called Strike
0-1: Ball
1-1: Foul Ball, location: 2F
1-2: Foul Ball, location: 2F
1-2: Strikes out swinging
Bottom of the 6th over - 0 runs, 0 hits, 0 errors, 0 left on base; San Jose 4 - Mississippi 2
TOP OF THE 7TH
San Jose Giants batting - Pitching for Mississippi Braves : RHP Marko Martin
Batting: RHB Jonathan Reece 0-0: Ball
1-0: Ball
2-0: Ball
3-0: Called Strike
3-1: DOUBLE (Groundball, 5L, EV 103.1 MPH)
Batting: LHB Nate Conley 0-0: Intentional Walk
Batting: RHB Tade Post 0-0: Ball
1-0: Ball
2-0: Foul Ball, location: 2F
2-1: Ball
3-1: Called Strike
3-2: Foul Ball, location: 2F
3-2: SINGLE (Line Drive, 89S, EV 103.8 MPH)
Jonathan Reece to third
Nate Conley to second
Batting: RHB Ian Richardson 0-0: Ball
1-0: Called Strike
1-1: Ball
2-1: Foul Ball, location: 2F
2-2: Foul Ball, location: 2F
2-2: Strikes out swinging
Pitching: RHP Scott Bentley
Batting: LHB James Wheaton 0-0: Called Strike
0-1: Grounds into fielders choice 4-2 (Groundball, 4, EV 83.1 MPH)
Nate Conley to third
Tade Post to second
Batting: LHB Tony Galvan 0-0: Fly out, F9 (Flyball, 9LM, EV 90.0 MPH)
Top of the 7th over - 0 runs, 2 hits, 0 errors, 3 left on base; San Jose 4 - Mississippi 2
BOTTOM OF THE 7TH
Mississippi Braves batting - Pitching for San Jose Giants : RHP Taiji Morita
Batting: RHB Zachary Sidney 0-0: Ball
1-0: Swinging Strike
1-1: Swinging Strike
1-2: Ball
2-2: Ball
3-2: Strikes out looking
Batting: LHB Pablo Ordonez 0-0: Called Strike
0-1: Ball
1-1: Foul Ball, location: 2F
1-2: Ball
2-2: SINGLE (Groundball, 25, EV 73.1 MPH) (infield hit)
Batting: RHB Edwin Cota 0-0: Ball
1-0: Called Strike
1-1: SINGLE (Groundball, 6S, EV 63.1 MPH) (infield hit)
Pablo Ordonez to second
Batting: LHB Rodolfo Cano 0-0: Ball
1-0: Ball
2-0: Swinging Strike
2-1: Called Strike
2-2: Foul Ball, location: 2F
2-2: Foul Ball, location: 2F
2-2: Strikes out swinging
Batting: LHB Raul Guarjardo 0-0: Fly out, F6 (Line Drive, 6, EV 65.0 MPH)
Bottom of the 7th over - 0 runs, 2 hits, 0 errors, 2 left on base; San Jose 4 - Mississippi 2
TOP OF THE 8TH
San Jose Giants batting - Pitching for Mississippi Braves : RHP Scott Bentley
Batting: RHB Josh Lippens 0-0: Swinging Strike
0-1: Foul Ball, location: 2F
0-2: Fly out, F7 (Flyball, 7LS, EV 87.5 MPH)
Batting: RHB Jack Toole 0-0: Ball
1-0: Ball
2-0: Ball
3-0: Called Strike
3-1: Base on Balls
Batting: RHB Tyler Mapes 0-0: Called Strike
Jack Toole is caught stealing 2nd base 2-4
0-1: Foul Ball, location: 2F
0-2: Ball
1-2: Foul Ball, location: 2F
1-2: Foul Ball, location: 2F
1-2: Fly out, F8 (Flyball, 8LD, EV 103.8 MPH)
Top of the 8th over - 0 runs, 0 hits, 0 errors, 0 left on base; San Jose 4 - Mississippi 2
BOTTOM OF THE 8TH
Mississippi Braves batting - Pitching for San Jose Giants : RHP Taiji Morita
Pitching: RHP Phil Holmes
Batting: RHB Tim Nettles 0-0: Foul Ball, location: 2F
0-1: Called Strike
0-2: Ball
1-2: Strikes out looking
Batting: SHB Brian Bagley 0-0: Ball
1-0: Ball
2-0: Fly out, F6 (Popup, 6MD, EV 52.5 MPH)
Batting: RHB Jack Power 0-0: Ball
1-0: Ground out 5-3 (Groundball, 5L, EV 89.4 MPH)
Bottom of the 8th over - 0 runs, 0 hits, 0 errors, 0 left on base; San Jose 4 - Mississippi 2
TOP OF THE 9TH
San Jose Giants batting - Pitching for Mississippi Braves : RHP Scott Bentley
Pitching: RHP Kelly Adley
Batting: RHB Jonathan Reece 0-0: Ground out 4-3 (Groundball, 4, EV 90.6 MPH)
Batting: LHB Nate Conley 0-0: Called Strike
0-1: Ball
1-1: Ball
2-1: Swinging Strike
2-2: DOUBLE (Flyball, 7D, EV 106.9 MPH)
Batting: RHB Tade Post 0-0: Intentional Walk
Batting: RHB Ian Richardson 0-0: Grounds into double play, 6-4-3 (Groundball, 6, EV 86.2 MPH)
Top of the 9th over - 0 runs, 1 hit, 0 errors, 1 left on base; San Jose 4 - Mississippi 2
BOTTOM OF THE 9TH
Mississippi Braves batting - Pitching for San Jose Giants : RHP Phil Holmes
Pitching: LHP Chris Moris
Batting: LHB Jon Burgos 0-0: Foul Ball, location: 2F
0-1: Ball
1-1: Ball
2-1: Called Strike
2-2: Strikes out swinging
Batting: RHB Zachary Sidney 0-0: Foul Ball, location: 2F
0-1: Ball
1-1: Foul Ball, location: 2F
1-2: Foul Ball, location: 2F
1-2: Ball
2-2: Strikes out swinging
Batting: SHB Ian Finley 0-0: Swinging Strike
0-1: Foul Ball, location: 2F
0-2: Ball
1-2: Ball
2-2: Foul Ball, location: 2F
2-2: Strikes out swinging
Bottom of the 9th over - 0 runs, 0 hits, 0 errors, 0 left on base; San Jose 4 - Mississippi 2
Thursday, March 31st , 2022 - OOTP Baseball 22.12 Build 89